 Dungeon Crawl Stone Soup version 0.30-a0-800-g7c544603b3 (webtiles) character file.

Game seed: 18308588923244353923

452 hikkokomori the Trooper (level 7, 0/47 HPs)
             Began as a Gargoyle Berserker on Feb 23, 2023.
             Was a Believer of Trog.
             Slain by a black bear (8 damage)
             ... on level 5 of the Dungeon.
             The game lasted 00:04:24 (2811 turns).

hikkokomori the Trooper (Gargoyle Berserker)        Turns: 2811, Time: 00:04:25

Health: 0/47       AC: 17    Str: 22    XL:     7   Next: 4%
Magic:  7/7        EV:  6    Int:  8    God:    Trog [**....]
Gold:   248        SH:  0    Dex:  9    Spells: 6/6 levels left

rFire   . . .      SeeInvis .    a - +0 hand axe
rCold   . . .      Faith    .    (no shield)
rNeg    + + .      Spirit   .    v - +0 plate armour
rPois   ∞          Reflect  .    (no helmet)
rElec   +          Harm     .    h - +0 cloak
rCorr   .          Rampage  .    d - +0 pair of gloves
Will    .....                    (no boots) Stlth
                                 (no amulet)
HPRegen 0.27/turn                f - ring of flight
MPRegen 0.10/turn                p - ring of positive energy

@: on berserk cooldown, flying
A: sickness immunity, AC +4, negative energy resistance 1, electricity
resistance, torment resistance 1, petrification resistance
a: Renounce Religion, Berserk, Trog's Hand


You were on level 5 of the Dungeon.
You worshipped Trog.
Trog was pleased with you.
You visited 1 branch of the dungeon, and saw 5 of its levels.

You collected 248 gold pieces.

Inventory:

Hand Weapons
 a - a +0 hand axe (weapon)
 w - the +7 whip "Adarourch" {speed, Dex+5}
   (You found it on level 5 of the Dungeon)

   Dex:       It affects your dexterity (+5).
Armour
 b - a +0 animal skin
 d - a +0 pair of gloves (worn)
 h - a +0 cloak (worn)
 i - a +0 leather armour
 v - a +0 plate armour (worn)
Jewellery
 f - a ring of flight (left hand)
 p - a ring of positive energy (right hand)
 u - a ring of fire
Scrolls
 e - a scroll of vulnerability {unknown}
 g - a scroll of magic mapping {unknown}
 l - a scroll of teleportation {unknown}
 m - 7 scrolls of identify {unknown}
 n - a scroll of blinking {unknown}
 q - a scroll of enchant weapon {unknown}
 s - a scroll of poison {unknown}
Potions
 c - 2 potions of heal wounds {unknown}
 j - a potion of curing {unknown}
 k - a potion of lignification {unknown}
 o - a potion of degeneration {unknown}
 r - a potion of might {unknown}
 t - a potion of berserk rage {unknown}


   Skills:
 + Level 6.4 Fighting
 + Level 5.3 Axes
 - Level 2.1 Armour
 - Level 1.5 Dodging


You had 6 spell levels left.
You didn't know any spells.
Your spell library was empty.

Dungeon Overview and Level Annotations

Branches:
Dungeon (5/15)
 Temple: D:4-7

Altars:
Elyvilon
Sif Muna
Uskayaw
Yredelemnul
Zin
The Shining One


Innate Abilities, Weirdness & Mutations

You are immune to sickness and miasma.
Your stone body is resilient. (AC +4)
You are immune to poison.
You resist negative energy. (rN+)
You are resistant to electric shocks. (rElec)
You are resistant to unholy torment.
You are immune to petrification.


Message History

You closely miss the black bear.
The black bear is moderately wounded.
The black bear closely misses you. The black bear barely misses you.
The black bear claws you but does no damage.
The black bear bites you but does no damage.
The black bear closely misses you.
The black bear claws you but does no damage.
You hit the black bear.
The black bear is moderately wounded.
The black bear bites you but does no damage.
The black bear claws you but does no damage.
The black bear barely misses you.
The black bear bites you but does no damage.
The black bear claws you but does no damage. x2
You hit the black bear.
The black bear is heavily wounded.
The black bear bites you but does no damage.
The black bear claws you but does no damage. x2
You slash the black bear! Your punch misses the black bear.
The black bear is almost dead.
The black bear bites you but does no damage.
The black bear claws you but does no damage. x2
The black bear goes berserk!
You hit the black bear.
The black bear is almost dead.
The black bear bites you.
The black bear claws you but does no damage. x2
The black bear bites you!
* * * LOW HITPOINT WARNING * * *
The black bear claws you but does no damage. x2
You completely miss the black bear.
The black bear is almost dead.
You feel yourself speed up.
The black bear bites you but does no damage.
The black bear claws you but does no damage. x2
The black bear bites you.
* * * LOW HITPOINT WARNING * * *
The black bear claws you but does no damage.
The black bear barely misses you. The black bear bites you!
You die...

#..#.#. ####....#
###..#... #.......#
........# ##.##.######
....#.#####..##.####..
##.#......##..###......#
...h.........## #..#####
###.#...## #...#
#h#.#..##..###
#@#.......#
###.####....#
#.......††..#
#.##..###...# ... ##.#
##..# #.# #.# .... #.
#.# .##.. # #.# # ###
#.#


You could see a black bear (berserk).

Vanquished Creatures
  Prince Ribbit (D:5)
  A black bear (D:5)
  A necrophage (D:5)
  4 adders
  4 worms
  2 dart slugs (D:1)
  5 bats
  5 endoplasms
  3 giant cockroaches (D:1)
  7 goblins
  10 hobgoblins
  3 jackals (D:4)
  2 quokkas
  6 ball pythons
  2 frilled lizards
  6 kobolds
  4 rats
66 creatures vanquished.

Notes
Turn   | Place    | Note
-------+----------+-------------------------------------------
     0 | D:1      | hikkokomori the Gargoyle Berserker began the quest for the
                  | Orb.
     0 | D:1      | Reached XP level 1. HP: 14/14 MP: 1/1
   205 | D:1      | Reached XP level 2. HP: 19/19 MP: 2/2
   403 | D:1      | Reached XP level 3. HP: 20/24 MP: 3/3
   411 | D:1      | Reached skill level 4 in Fighting
   806 | D:2      | Reached ** piety under Trog
  1197 | D:3      | Found a faded altar of an unknown god.
  1213 | D:3      | Reached XP level 4. HP: 22/30 MP: 4/4
  1891 | D:4      | Found a glowing golden altar of the Shining One.
  1891 | D:4      | Found a white marble altar of Elyvilon.
  1894 | D:4      | Found a glowing silver altar of Zin.
  1930 | D:4      | Found a hide-covered altar of Uskayaw.
  2243 | D:4      | Found a basalt altar of Yredelemnul.
  2352 | D:4      | Identified the +4 trident of Amougej {flame, Str+2 Dex+2}
  2509 | D:4      | Found a shimmering blue altar of Sif Muna.
  2672 | D:5      | Entered Level 5 of the Dungeon
  2672 | D:5      | Noticed a necrophage
  2693 | D:5      | Killed a necrophage
  2694 | D:5      | Reached skill level 5 in Fighting
  2694 | D:5      | Reached XP level 5. HP: 31/35 MP: 5/5
  2695 | D:5      | Identified the +7 whip "Adarourch" {speed, Dex+5}
  2769 | D:5      | Noticed a black bear
  2772 | D:5      | Noticed Prince Ribbit
  2780 | D:5      | Killed a black bear
  2781 | D:5      | Reached XP level 6. HP: 41/41 MP: 6/6
  2783 | D:5      | Killed Prince Ribbit
  2784 | D:5      | Reached skill level 6 in Fighting
  2784 | D:5      | Reached skill level 5 in Axes
  2784 | D:5      | Reached XP level 7. HP: 33/47 MP: 7/7
  2811 | D:5      | Slain by a black bear

Illustrated notes

Levels and vault maps discovered:
D:1:      minmay_arrival_four_houses, layout_loops_ring
D:2:      layout_rooms, lightli_corner_chamber
D:3:      layout_rooms, ebering_ecumenical_altar_mist, kennysheep_big_empty_room
D:4:      layout_loops_ring, dreamdust_divine_triumvirate, marbit_many_paths,
          lemuel_coloured_pillars_altar, led_sif_book
D:5:      layout_rooms, chei_slow_surprise, kiku_gazebo_garden_becter,
          minmay_temple_entry_nine_rooms, uniq_prince_ribbit1

Skill      XL: |  1  2  3  4  5  6 |
---------------+-------------------+-----
Axes           | 3 4 5 |  5.3
Fighting       | 4 5 6 |  6.4
Armour         | |  2.1
Dodging        | |  1.5

Action                     |  1- 3 |  4- 6 |  7- 9 || total
---------------------------+-------+-------+-------++-------
  Melee: Hand axe          |   151 |   125 |    15 ||   291
         Punch             |     2 |     1 |       ||     3
 Invoke: Berserk           |       |     1 |       ||     1
 Armour: Animal skin       |    51 |     2 |       ||    53
         Leather armour    |       |    30 |       ||    30
         Plate armour      |       |    42 |    48 ||    90
  Dodge: Dodged            |    90 |    54 |    20 ||   164

Table legend: (Time is in decaauts)
 A = Elapsed time spent in this place.
 B = Non-inter-level travel time spent in this place.
 C = Inter-level travel time spent in this place.
 D = Time resting spent in this place.
 E = Time spent auto-exploring this place.
 F = Levels seen in this place.
 G = Mean time per level.
                   A        B        C        D        E       F      G
               +--------+--------+--------+--------+--------+-----+--------+
         Total |   2851 |   2710 |    141 |     64 |   1998 |   5 |  570.2 |
       Dungeon |   2851 |   2710 |    141 |     64 |   1998 |   5 |  570.2 |
               +--------+--------+--------+--------+--------+-----+--------+

Top non-repeatable levels by time:
     D:4: 870 daAuts
     D:1: 787 daAuts
     D:3: 622 daAuts
     D:2: 420 daAuts
     D:5: 150 daAuts
